[Event "ICCopen2017"]
[Site "Internet Chess Club"]
[Date "2017.03.19"]
[Round "8"]
[White "Mercury"]
[Black "Koval"]
[Result "1-0"]
[ICCResult "Black checkmated"]
[WhiteElo "2216"]
[BlackElo "1922"]
[Opening "Réti opening"]
[ECO "A13"]
[NIC "QP.11"]
[Time "20:37:39"]
[TimeControl "180+0"]

1. Nf3 e6 2. c4 Nf6 3. g3 b6 4. Bg2 Bb7 5. O-O c5 6. Nc3 d5 7. cxd5 exd5 8.
d4 c4 9. Ne5 Nbd7 10. Nxc4 Be7 11. Ne3 h5 12. Ncxd5 Nxd5 13. Nxd5 h4 14. Bf4
Bxd5 15. Bxd5 Rc8 16. Qb3 g5 17. Bxf7+ Kf8 18. Bg6 Kg7 19. Qf7+ Kh6 20. Bf5
Nf8 21. Be5 hxg3 22. hxg3 Qd5 23. Bg7# {Black checkmated} 1-0

[Event "ICCopen2017"]
[Site "Internet Chess Club"]
[Date "2017.03.19"]
[Round "8"]
[White "MATEPROOF"]
[Black "allmight"]
[Result "1-0"]
[ICCResult "Black resigns"]
[WhiteElo "1934"]
[BlackElo "1870"]
[Opening "King's Indian: orthodox variation"]
[ECO "E94"]
[NIC "KI.15"]
[Time "20:38:10"]
[TimeControl "180+0"]

1. Nf3 Nf6 2. c4 g6 3. Nc3 Bg7 4. e4 d6 5. d4 O-O 6. Be2 e5 7. O-O Na6 8. d5
Nc5 9. Qc2 a5 10. Be3 b6 11. a3 Ng4 12. Bxc5 bxc5 13. Ne1 Nh6 14. Nd3 f5 15.
Bf3 Nf7 16. Rfe1 Qh4 17. g3 Qf6 18. Bg2 h5 19. Nb5 Qd8 20. b4 axb4 21. axb4
Rxa1 22. Rxa1 cxb4 23. Nxb4 Ng5 24. Nc6 Qd7 25. Ra7 fxe4 26. Rxc7 Qg4 27.
Rxc8 Rxc8 28. Ne7+ Kh7 29. Nxc8 Qxc8 {Black resigns} 1-0

[Event "ICCopen2017"]
[Site "Internet Chess Club"]
[Date "2017.03.19"]
[Round "8"]
[White "WoodPushkin"]
[Black "Heian"]
[Result "0-1"]
[ICCResult "White resigns"]
[WhiteElo "1495"]
[BlackElo "1490"]
[Opening "Ruy Lopez: exchange, Keres variation"]
[ECO "C68"]
[NIC "RL.08"]
[Time "20:38:21"]
[TimeControl "180+0"]

1. e4 e5 2. Nf3 Nc6 3. Bb5 a6 4. Bxc6 dxc6 5. Nc3 Bd6 6. d4 Bg4 7. dxe5 Bxf3
8. Qxf3 Bxe5 9. O-O Qf6 10. Qxf6 Nxf6 11. Bd2 O-O-O 12. f3 Rxd2 13. Rfd1
Bxc3 14. Rxd2 Bxd2 15. Rd1 Be3+ 16. Kf1 Rd8 17. Re1 Bf4 18. g3 Bd2 19. Re2
Ba5 {White resigns} 0-1

[Event "ICCopen2017"]
[Site "Internet Chess Club"]
[Date "2017.03.19"]
[Round "8"]
[White "KH"]
[Black "airantrobo"]
[Result "1-0"]
[ICCResult "Black resigns"]
[WhiteElo "2027"]
[BlackElo "1598"]
[Opening "Vienna gambit"]
[ECO "C29"]
[NIC "KG.05"]
[Time "20:38:55"]
[TimeControl "180+0"]

1. f4 e5 2. e4 Nf6 3. Nc3 d6 4. Nf3 Bg4 5. Bc4 Be7 6. O-O O-O 7. h3 Bxf3 8.
Qxf3 exf4 9. Qxf4 Nbd7 10. d4 a6 11. a4 Nb6 12. Bb3 Qd7 13. Be3 Rfe8 14.
Rae1 Bf8 15. Bf2 h6 16. Bh4 Nh7 17. Bxf7+ Kh8 18. Bxe8 Rxe8 19. Qf7 Re7 20.
Bxe7 {Black resigns} 1-0

[Event "ICCopen2017"]
[Site "Internet Chess Club"]
[Date "2017.03.19"]
[Round "8"]
[White "anakinnn"]
[Black "javi"]
[Result "0-1"]
[ICCResult "White resigns"]
[WhiteElo "1277"]
[BlackElo "1665"]
[Opening "French: exchange variation"]
[ECO "C01"]
[NIC "FR.01"]
[Time "20:38:21"]
[TimeControl "180+0"]

1. e4 e6 2. d4 d5 3. exd5 exd5 4. Nc3 c6 5. Nf3 Qc7 6. Bd3 Be7 7. h3 Nf6 8.
Qe2 O-O 9. Ne5 Nbd7 10. Ng4 Re8 11. Qf3 Bb4+ 12. Be3 Ne4 13. Nh6+ gxh6 14.
Qg4+ Kh8 15. Bxh6 Nef6+ {White resigns} 0-1

[Event "ICCopen2017"]
[Site "Internet Chess Club"]
[Date "2017.03.19"]
[Round "8"]
[White "Alwaysontime"]
[Black "jajaba"]
[Result "1-0"]
[ICCResult "Black resigns"]
[WhiteElo "2187"]
[BlackElo "1863"]
[Opening "Queen's pawn: Lundin (Kevitz-Mikenas) defense"]
[ECO "A40"]
[NIC "QO.17"]
[Time "20:38:34"]
[TimeControl "180+0"]

1. d4 Nc6 2. Nf3 Nf6 3. g3 d5 4. Bg2 Bg4 5. O-O Qc8 6. Ne5 Bh3 7. Nxc6 bxc6
8. c4 Bxg2 9. Kxg2 e6 10. Nc3 Be7 11. Bg5 O-O 12. Bxf6 Bxf6 13. e4 dxe4 14.
Nxe4 Be7 15. Qf3 Qb7 16. b3 Rad8 17. Rad1 Qa6 18. Nc3 Bb4 19. Na4 Be7 20.
Rfe1 Bf6 21. d5 exd5 22. cxd5 cxd5 23. Rxd5 Rxd5 24. Qxd5 c6 25. Qd7 Qa5 26.
Rd1 c5 27. Qd5 Bd4 28. Rxd4 {Black resigns} 1-0

[Event "ICCopen2017"]
[Site "Internet Chess Club"]
[Date "2017.03.19"]
[Round "8"]
[White "croder"]
[Black "LiangLiang"]
[Result "0-1"]
[ICCResult "White checkmated"]
[WhiteElo "1569"]
[BlackElo "1788"]
[Opening "Sicilian: closed, 2...Nc6"]
[ECO "B23"]
[NIC "SI.44"]
[Time "20:38:59"]
[TimeControl "180+0"]

1. e4 c5 2. Nc3 Nc6 3. d3 g6 4. Nf3 Bg7 5. Be3 d6 6. Be2 e6 7. O-O Nge7 8.
Qd2 O-O 9. a3 a6 10. Rab1 b5 11. Nd1 Bb7 12. c3 Rc8 13. Bh6 Qd7 14. Bxg7
Kxg7 15. Qg5 h6 16. Qe3 f5 17. e5 Nd5 18. Qd2 dxe5 19. d4 cxd4 20. cxd4 Nf4
21. Nc3 Nxd4 22. Nxd4 Qxd4 23. Qxd4 exd4 24. g3 Nh3# {White checkmated} 0-1

[Event "ICCopen2017"]
[Site "Internet Chess Club"]
[Date "2017.03.19"]
[Round "8"]
[White "Oracle"]
[Black "subterfuge"]
[Result "0-1"]
[ICCResult "White checkmated"]
[WhiteElo "1373"]
[BlackElo "1513"]
[Opening "Caro-Kann: Hillbilly attack"]
[ECO "B10"]
[NIC "CK.01"]
[Time "20:37:39"]
[TimeControl "180+0"]

1. e4 c6 2. Bc4 d5 3. exd5 cxd5 4. Bb3 Nf6 5. d4 Nc6 6. Bf4 Bg4 7. f3 Bh5 8.
Ne2 e6 9. O-O Bd6 10. Bxd6 Qxd6 11. Nd2 h6 12. c3 g5 13. Ng3 Bg6 14. Bc2
Bxc2 15. Qxc2 O-O-O 16. Qd3 Kb8 17. Nb3 h5 18. Nc5 h4 19. Ne2 Nd7 20. Nxd7+
Qxd7 21. Rac1 Ne7 22. Rf2 Rdg8 23. Rc2 g4 24. f4 g3 25. hxg3 hxg3 26. Nxg3
f5 27. Rf3 Ng6 28. Qe3 Qh7 29. Kf2 Nh4 30. Qe5+ Ka8 31. Re3 Nxg2 32. Re1
Nxe1 33. Kxe1 Rxg3 34. Rf2 a6 35. Qxe6 Qh5 36. Qxd5 Rg1+ 37. Kd2 Qd1+ 38.
Ke3 Re8+ 39. Qe5 Rxe5+ 40. dxe5 Re1+ 41. Re2 Qxe2+ 42. Kd4 Qxb2 43. a4 Rd1+
44. Kc4 Qe2+ 45. Kc5 Qe4 46. c4 Rc1 47. Kd6 Qxc4 48. Ke7 Qxf4 49. Kf6 Qxa4
50. e6 Qe4 51. e7 Rc6+ 52. Kf7 Re6 53. e8=Q+ Rxe8 54. Kf6 Qe6+ 55. Kg5 f4
56. Kxf4 Rf8+ 57. Kg5 Qf5+ 58. Kh6 Rf6+ 59. Kg7 Qg5+ 60. Kh8 Rh6#
{White checkmated}
0-1

[Event "ICCopen2017"]
[Site "Internet Chess Club"]
[Date "2017.03.19"]
[Round "8"]
[White "king-lear"]
[Black "WAHEHE"]
[Result "1-0"]
[ICCResult "Black checkmated"]
[WhiteElo "1935"]
[BlackElo "1713"]
[Opening "Queen's Indian: Petrosian system"]
[ECO "E12"]
[NIC "QI.04"]
[Time "20:37:39"]
[TimeControl "180+0"]

1. d4 Nf6 2. Nf3 e6 3. c4 b6 4. a3 Bb7 5. Nc3 d5 6. cxd5 exd5 7. Bf4 a6 8.
e3 Bd6 9. Bg3 O-O 10. Bd3 Re8 11. O-O Bxg3 12. hxg3 Nbd7 13. b4 Qe7 14. Qc2
Rac8 15. Rab1 g6 16. a4 c6 17. Rfe1 Ne4 18. Qb3 Nxc3 19. Qxc3 Rc7 20. e4
dxe4 21. Bxe4 Qf8 22. Ne5 Nxe5 23. dxe5 Rce7 24. f4 Re6 25. a5 b5 26. Rbc1
Rd8 27. Bb1 Re7 28. Ba2 Qe8 29. Rcd1 Red7 30. Rxd7 Rxd7 31. e6 fxe6 32. Rxe6
Qf7 33. Re8# {Black checkmated} 1-0

[Event "ICCopen2017"]
[Site "Internet Chess Club"]
[Date "2017.03.19"]
[Round "8"]
[White "Indiana-Jones"]
[Black "K-Georgiev"]
[Result "1-0"]
[ICCResult "Black checkmated"]
[WhiteElo "2778"]
[BlackElo "2949"]
[Opening "Queen's pawn game, Krause variation"]
[ECO "D02"]
[NIC "QP.09"]
[Time "20:37:59"]
[TimeControl "180+0"]

1. Nf3 d5 2. d4 c5 3. c3 e6 4. Bf4 Nf6 5. e3 Bd6 6. Bg3 Nc6 7. Nbd2 O-O 8.
Bb5 Ne7 9. Bd3 b6 10. e4 Bc7 11. Bxc7 Qxc7 12. e5 Ne8 13. Bxh7+ Kxh7 14.
Ng5+ Kg6 15. Qg4 f5 16. Qh4 f4 17. Qh7+ Kxg5 18. Nf3+ Kg4 19. h3#
{Black checkmated}
1-0

[Event "ICCopen2017"]
[Site "Internet Chess Club"]
[Date "2017.03.19"]
[Round "8"]
[White "HuevosDeLeon"]
[Black "Ceejay24"]
[Result "1-0"]
[ICCResult "Black resigns"]
[WhiteElo "2606"]
[BlackElo "2235"]
[Opening "Queen's pawn: London system"]
[ECO "A45"]
[NIC "QP.07"]
[Time "20:39:25"]
[TimeControl "180+0"]

1. d4 Nf6 2. Bf4 d5 3. e3 e6 4. Nd2 c5 5. c3 Nc6 6. Ngf3 Bd6 7. Bg3 O-O 8.
Bd3 b6 9. Qe2 Bb7 10. Rd1 Qc7 11. e4 dxe4 12. Nxe4 Nxe4 13. Qxe4 g6 14. dxc5
bxc5 15. Qh4 Rfd8 16. Ng5 f5 17. Nxe6 Re8 18. O-O Rxe6 19. Bc4 Re8 20. Rxd6
{Black resigns}
1-0

[Event "ICCopen2017"]
[Site "Internet Chess Club"]
[Date "2017.03.19"]
[Round "8"]
[White "marinocid"]
[Black "zelog"]
[Result "1-0"]
[ICCResult "Black resigns"]
[WhiteElo "1857"]
[BlackElo "2028"]
[Opening "French: King's Indian attack"]
[ECO "C00"]
[NIC "FR.02"]
[Time "20:37:57"]
[TimeControl "180+0"]

1. e4 e6 2. d3 d5 3. Qe2 c5 4. Nf3 Nc6 5. g3 d4 6. e5 Nge7 7. Bg2 Qc7 8. O-O
Ng6 9. Re1 Be7 10. h4 h5 11. Nbd2 b5 12. a4 b4 13. Nc4 O-O 14. Ng5 Bxg5 15.
Bxg5 Ba6 16. f4 Bxc4 17. dxc4 f6 18. Qxh5 fxg5 19. Qxg6 gxf4 20. Qxe6+ Kh8
21. Qxc6 Qxc6 22. Bxc6 Rac8 23. Bd5 fxg3 24. e6 Rc7 25. Kg2 Re7 26. Kxg3 Rf5
27. Rf1 Re5 28. Rae1 Rxe1 29. Rxe1 {Black resigns} 1-0

[Event "ICCopen2017"]
[Site "Internet Chess Club"]
[Date "2017.03.19"]
[Round "8"]
[White "P10"]
[Black "Wilsonpalencia"]
[Result "0-1"]
[ICCResult "White resigns"]
[WhiteElo "1530"]
[BlackElo "2580"]
[Opening "Sicilian: dragon, Yugoslav attack, Rauser variation"]
[ECO "B76"]
[NIC "SI.17"]
[Time "20:38:10"]
[TimeControl "180+0"]

1. e4 c5 2. Nf3 d6 3. d4 cxd4 4. Nxd4 Nf6 5. Nc3 g6 6. Be3 Bg7 7. f3 O-O 8.
Qd2 Nc6 9. O-O-O Nxd4 10. Bxd4 Be6 11. g4 Qa5 12. Kb1 Rfc8 13. a3 b5 14.
Nxb5 Qa4 15. Nc3 Qa5 16. Nd5 Qxd2 17. Nxf6+ Bxf6 18. Rxd2 Bg5 19. Rd1 Bf4
20. h4 h6 21. Bc3 Rab8 22. b4 Rxc3 {White resigns} 0-1

[Event "ICCopen2017"]
[Site "Internet Chess Club"]
[Date "2017.03.19"]
[Round "8"]
[White "ComeonJimtal"]
[Black "niftyleopard"]
[Result "0-1"]
[ICCResult "White resigns"]
[WhiteElo "1697"]
[BlackElo "1254"]
[Opening "Alapin's opening"]
[ECO "C20"]
[NIC "KP.10"]
[Time "20:38:24"]
[TimeControl "180+0"]

1. e4 e5 2. Ne2 Nc6 3. d3 Nf6 4. g3 Bb4+ 5. c3 Bc5 6. Bg2 d6 7. h3 Be6 8.
O-O d5 9. b4 Bb6 10. b5 Na5 11. Nd2 c6 12. Bb2 cxb5 13. c4 bxc4 14. dxc4
Nxc4 15. Nxc4 dxc4 16. Qxd8+ Rxd8 17. Bxe5 O-O 18. Bxf6 gxf6 19. Rac1 Rd2
20. Nf4 Rxa2 21. Nxe6 fxe6 22. Rxc4 e5 23. h4 Rd8 24. Bh3 Rdd2 25. Rb4 Rxf2
26. Be6+ Kf8 27. Rxb6 Rxf1+ 28. Kxf1 Ra1+ 29. Ke2 axb6 30. Kd3 Ra3+ 31. Kc4
Rxg3 32. Kb5 Re3 33. Bd5 Ke7 34. Kxb6 Rh3 35. Kxb7 Rxh4 36. Kc6 Rf4 37. Kc5
h5 38. Kc4 h4 39. Kd3 h3 40. Ke3 h2 {White resigns} 0-1

[Event "ICCopen2017"]
[Site "Internet Chess Club"]
[Date "2017.03.19"]
[Round "8"]
[White "alan2015"]
[Black "Chaos23"]
[Result "0-1"]
[ICCResult "White checkmated"]
[WhiteElo "1481"]
[BlackElo "1896"]
[Opening "Sicilian: Katalimov variation"]
[ECO "B27"]
[NIC "SI.43"]
[Time "20:37:42"]
[TimeControl "180+0"]

1. e4 c5 2. Nf3 b6 3. d4 cxd4 4. Nxd4 Bb7 5. Nc3 a6 6. a4 g6 7. Be3 Bg7 8.
f3 e6 9. Qd2 Ne7 10. g4 h5 11. gxh5 Rxh5 12. O-O-O d5 13. exd5 Nxd5 14. Nxd5
Qxd5 15. c4 Qd7 16. Be2 Qxa4 17. Kb1 Ra5 18. Nb3 Qa2+ 19. Kc1 Nc6 20. Nxa5
Qa1+ 21. Kc2 Qxb2+ 22. Kd3 Rd8+ 23. Ke4 Qe5# {White checkmated} 0-1

[Event "ICCopen2017"]
[Site "Internet Chess Club"]
[Date "2017.03.19"]
[Round "8"]
[White "ALexiz"]
[Black "glokoll"]
[Result "1-0"]
[ICCResult "Black checkmated"]
[WhiteElo "1692"]
[BlackElo "1500"]
[Opening "Robatsch (modern) defense"]
[ECO "A40"]
[NIC "KF.05"]
[Time "20:38:23"]
[TimeControl "180+0"]

1. d4 g6 2. e4 Bg7 3. Nf3 c5 4. Be2 Nc6 5. c3 cxd4 6. Nxd4 Qb6 7. Nxc6 bxc6
8. O-O d6 9. Nd2 Be6 10. Nc4 Bxc4 11. Bxc4 Rd8 12. Qb3 e6 13. Bg5 Ne7 14.
Kh1 h6 15. Bh4 O-O 16. Bxe7 Rde8 17. Bxf8 Bxf8 18. Qxb6 axb6 19. f4 b5 20.
Bb3 c5 21. c4 b4 22. Rae1 Bg7 23. f5 e5 24. fxg6 fxg6 25. Rf3 Re7 26. Ref1
g5 27. g4 Kh7 28. Kg2 Kg6 29. a3 h5 30. h3 hxg4 31. hxg4 Re6 32. axb4 cxb4
33. Ba4 Re7 34. Bc6 Rc7 35. Bd5 Re7 36. Rb3 Bf6 37. Rxb4 Kg7 38. Rb8 Ra7 39.
Rg8+ Kh6 40. Rh1# {Black checkmated} 1-0

[Event "ICCopen2017"]
[Site "Internet Chess Club"]
[Date "2017.03.19"]
[Round "8"]
[White "ibarra"]
[Black "Alright2015"]
[Result "1-0"]
[ICCResult "Black resigns"]
[WhiteElo "2713"]
[BlackElo "2239"]
[Opening "Scandinavian (center counter) defense"]
[ECO "B01"]
[NIC "SD.01"]
[Time "20:38:34"]
[TimeControl "180+0"]

1. e4 d5 2. exd5 Qxd5 3. Nc3 Qa5 4. d4 c6 5. Bd2 Nf6 6. Bc4 Bf5 7. Qe2 e6 8.
d5 cxd5 9. Nxd5 Qd8 10. Nxf6+ gxf6 11. O-O-O Qc7 12. Nf3 Nc6 13. Nh4 Bg6 14.
Bc3 Be7 15. Kb1 Rc8 16. Nxg6 hxg6 17. h4 Ne5 18. Bb3 a5 19. f4 Nc6 20. h5
gxh5 21. Rxh5 Rxh5 22. Qxh5 b5 23. Bxe6 Bb4 24. Bxc8 Qxc8 25. Bxb4
{Black resigns}
1-0

[Event "ICCopen2017"]
[Site "Internet Chess Club"]
[Date "2017.03.19"]
[Round "8"]
[White "playwaycool"]
[Black "jefferyx"]
[Result "0-1"]
[ICCResult "White resigns"]
[WhiteElo "2254"]
[BlackElo "2666"]
[Opening "Trompowsky attack (Ruth, Opocenský opening)"]
[ECO "A45"]
[NIC "QP.07"]
[Time "20:37:51"]
[TimeControl "180+0"]

1. d4 Nf6 2. Bg5 d5 3. Bxf6 exf6 4. e3 c6 5. c4 dxc4 6. Bxc4 Nd7 7. Qb3 Qe7
8. Nf3 Nb6 9. Bd3 Qb4+ 10. Qxb4 Bxb4+ 11. Nbd2 Be6 12. a3 Be7 13. Rc1 O-O
14. Nc4 Nd5 15. O-O Rfe8 16. Na5 Rab8 17. Nd2 Bd8 18. Nac4 Bc7 19. g3 Red8
20. Rfe1 f5 21. Bf1 g6 22. Nf3 Nf6 23. Ng5 Bd7 24. Ne5 Be8 25. Bc4 Nd5 26.
Nd3 Rd6 27. Nh3 a5 28. Nhf4 Nf6 29. Ne5 Rdd8 30. Red1 Bd6 31. Ned3 Kf8 32.
Ba2 Ke7 33. Ne2 Bd7 34. Nc3 Be6 35. Bxe6 fxe6 36. Nc5 Bxc5 37. dxc5 e5 38.
b4 axb4 39. axb4 Ra8 40. Rxd8 Kxd8 41. Rd1+ Ke7 42. Rc1 Ra3 43. Kg2 Rb3 44.
b5 cxb5 45. h3 Kd7 46. Rd1+ Ke7 47. Nd5+ Nxd5 48. Rxd5 e4 49. Rd6 Rc3 50.
Rb6 Rxc5 51. Rxb7+ Kd6 52. Rxh7 Rc7 53. Rh6 Rg7 54. g4 fxg4 55. hxg4 b4 56.
Rh1 b3 57. Rb1 Rb7 58. Kg3 g5 59. f3 exf3 60. Kxf3 Ke5 61. Rb2 Kd5 62. Rd2+
Kc4 63. Rd1 b2 64. Rb1 Kd3 65. e4 Kc2 66. Rxb2+ Rxb2 67. e5 Kd3 68. e6 Re2
69. e7 Rxe7 70. Kg3 Ke2 71. Kh3 Kf1 72. Kg3 Re3+ 73. Kh2 Ra3 {White resigns}
0-1

[Event "ICCopen2017"]
[Site "Internet Chess Club"]
[Date "2017.03.19"]
[Round "8"]
[White "vbtry3"]
[Black "cloak1"]
[Result "0-1"]
[ICCResult "White forfeits on time"]
[WhiteElo "1742"]
[BlackElo "1881"]
[Opening "Sicilian: Nimzovich-Rubinstein variation"]
[ECO "B29"]
[NIC "SI.43"]
[Time "20:37:46"]
[TimeControl "180+0"]

1. e4 c5 2. Nf3 Nf6 3. e5 Nd5 4. c3 d6 5. d4 Nc6 6. Bc4 Nb6 7. Bd3 cxd4 8.
cxd4 Bg4 9. Be3 dxe5 10. dxe5 Nxe5 11. Be2 Qxd1+ 12. Bxd1 Nec4 13. Bc1 e5
14. b3 Bb4+ 15. Nbd2 Nxd2 16. Bxd2 Bxd2+ 17. Nxd2 Bxd1 18. Rxd1 O-O 19. O-O
f6 20. Ne4 Rfd8 21. f3 Kf8 22. Kf2 Ke7 23. Rc1 Nd5 24. Rfd1 b6 25. g3 Nb4
26. Rc7+ Kf8 27. Rdd7 Rxd7 28. Rxd7 Nc6 29. Nd6 Rd8 30. Rf7+ Kg8 31. Rxg7+
Kxg7 {White forfeits on time} 0-1

[Event "ICCopen2017"]
[Site "Internet Chess Club"]
[Date "2017.03.19"]
[Round "8"]
[White "Ernie1"]
[Black "hamlet"]
[Result "0-1"]
[ICCResult "White resigns"]
[WhiteElo "1295"]
[BlackElo "1671"]
[Opening "Trompowsky attack (Ruth, Opocenský opening)"]
[ECO "A45"]
[NIC "QP.07"]
[Time "20:39:04"]
[TimeControl "180+0"]

1. d4 Nf6 2. Bg5 Ne4 3. Bf4 c5 4. f3 Nf6 5. e4 cxd4 6. Qxd4 Nc6 7. Qd1 d6 8.
Bb5 e5 9. Bg5 Be7 10. Bxf6 Bxf6 11. Nc3 O-O 12. Nge2 Nd4 13. Nxd4 exd4 14.
Nd5 Qa5+ 15. c3 dxc3 16. b4 Qxb5 17. Nc7 Qxb4 18. Nxa8 c2+ {White resigns}
0-1

[Event "ICCopen2017"]
[Site "Internet Chess Club"]
[Date "2017.03.19"]
[Round "8"]
[White "GolfPro"]
[Black "qs16"]
[Result "1-0"]
[ICCResult "Black resigns"]
[WhiteElo "1822"]
[BlackElo "1382"]
[Opening "English: symmetrical, main line with d3"]
[ECO "A38"]
[NIC "EO.27"]
[Time "20:38:41"]
[TimeControl "180+0"]

1. c4 c5 2. Nf3 Nf6 3. Nc3 Nc6 4. g3 g6 5. Bg2 Bg7 6. O-O O-O 7. d3 d6 8.
Bg5 Bg4 9. Qd2 Qd7 10. a3 a6 11. Rab1 Rab8 12. Bh6 Nd4 13. Bxg7 Kxg7 14.
Nxd4 cxd4 15. Nd5 Nxd5 16. Bxd5 e6 17. Bg2 e5 18. b4 Bf5 19. Rfc1 b5 20. c5
dxc5 21. bxc5 Rbc8 22. c6 Qe6 23. Qa5 Bh3 24. Qxa6 Bxg2 25. Kxg2 Rfd8 26.
Qxb5 Rd5 27. Qb6 Rdd8 28. a4 Qd5+ 29. Kg1 Rd6 30. Rb5 Qe6 31. Rbc5 e4 32. a5
exd3 33. exd3 Qf5 34. Rxf5 gxf5 35. a6 {Black resigns} 1-0

[Event "ICCopen2017"]
[Site "Internet Chess Club"]
[Date "2017.03.19"]
[Round "8"]
[White "BestMate"]
[Black "lustigbridge"]
[Result "0-1"]
[ICCResult "White forfeits on time"]
[WhiteElo "2067"]
[BlackElo "1824"]
[Opening "Richter-Veresov attack"]
[ECO "D01"]
[NIC "QP.08"]
[Time "20:37:52"]
[TimeControl "180+0"]

1. d4 d5 2. Bg5 Nf6 3. Nc3 c5 4. e4 cxd4 5. Qxd4 Nc6 6. Bb5 Bd7 7. Bxc6 bxc6
8. Bxf6 gxf6 9. exd5 Bg7 10. Nf3 O-O 11. dxc6 Bxc6 12. O-O-O Qa5 13. Qg4 f5
14. Qg3 Rfb8 15. Nh4 f4 16. Qg4 h5 17. Qf5 Qb4 18. Nd5 Qxb2+ 19. Kd2 Bxd5
20. Ke2 Bc4+ 21. Ke1 Qc3+ 22. Rd2 Qe5+ 23. Qxe5 Rb1+ {White forfeits on
time} 0-1

[Event "ICCopen2017"]
[Site "Internet Chess Club"]
[Date "2017.03.19"]
[Round "8"]
[White "mvillalba"]
[Black "mirpele-murpele"]
[Result "0-1"]
[ICCResult "White resigns"]
[WhiteElo "2161"]
[BlackElo "2612"]
[Opening "Modern defense"]
[ECO "A40"]
[NIC "QO.17"]
[Time "20:38:40"]
[TimeControl "180+0"]

1. d4 g6 2. Nf3 Bg7 3. Bf4 d6 4. e3 c5 5. c3 cxd4 6. exd4 Nf6 7. h3 O-O 8.
Bd3 d5 9. Nbd2 Nc6 10. O-O Bf5 11. Bxf5 gxf5 12. Re1 e6 13. Qb3 Na5 14. Qc2
Rc8 15. Ne5 b5 16. Qd3 Nc4 17. Rab1 Ne4 18. f3 Nexd2 19. Bxd2 Nxe5 20. dxe5
a6 21. Kh1 Qh4 22. Re2 Kh8 23. Be1 Qh5 24. Bf2 Rg8 25. Bd4 Bh6 26. a4 Bf4
27. axb5 axb5 28. Qxb5 Rg3 29. Bg1 Rcg8 30. Bh2 Rxh3 31. gxh3 Qxf3+
{White resigns}
0-1

[Event "ICCopen2017"]
[Site "Internet Chess Club"]
[Date "2017.03.19"]
[Round "8"]
[White "bhaiju"]
[Black "hecan58"]
[Result "0-1"]
[ICCResult "White resigns"]
[WhiteElo "1695"]
[BlackElo "1432"]
[Opening "Scandinavian: Icelandic gambit"]
[ECO "B01"]
[NIC "SD.03"]
[Time "20:40:53"]
[TimeControl "180+0"]

1. e4 d5 2. exd5 Nf6 3. c4 e6 4. dxe6 Bxe6 5. d4 Bb4+ 6. Nc3 Ne4 7. Qb3 Nc6
8. d5 Nd4 9. Qd1 Nxc3 10. bxc3 Bxc3+ 11. Bd2 Bxa1 12. Qxa1 Nc2+ {White
resigns} 0-1

[Event "ICCopen2017"]
[Site "Internet Chess Club"]
[Date "2017.03.19"]
[Round "8"]
[White "Mandragora"]
[Black "fishmaster"]
[Result "1-0"]
[ICCResult "Black resigns"]
[WhiteElo "1577"]
[BlackElo "1771"]
[Opening "Two knights defense (Modern bishop's opening)"]
[ECO "C55"]
[NIC "IG.01"]
[Time "20:39:18"]
[TimeControl "180+0"]

1. e4 e5 2. Nf3 Nc6 3. Bc4 Nf6 4. d3 Be7 5. O-O d6 6. h3 Na5 7. Bb3 Nxb3 8.
axb3 O-O 9. Na3 a6 10. Nc4 h6 11. Nh2 Be6 12. f4 exf4 13. Bxf4 Nd7 14. Bd2
Ne5 15. Ne3 g6 16. d4 Nd7 17. d5 Ne5 18. dxe6 fxe6 19. Rxf8+ Qxf8 20. Qe2
Qg7 21. Rf1 c5 22. Bc3 Qh7 23. Bxe5 dxe5 24. Nc4 Bf6 25. Ng4 Bg7 26. Ncxe5
h5 27. Nf6+ Bxf6 28. Rxf6 Kg7 29. Rxg6+ Kh8 30. Rg5 Rf8 31. Rxh5 Qxh5 32.
Qxh5+ Kg7 33. Qg6+ Kh8 34. Nf7+ {Black resigns} 1-0

[Event "ICCopen2017"]
[Site "Internet Chess Club"]
[Date "2017.03.19"]
[Round "8"]
[White "uggi"]
[Black "Lzmann"]
[Result "1-0"]
[ICCResult "Black resigns"]
[WhiteElo "1889"]
[BlackElo "1661"]
[Opening "King's Indian: Sämisch variation"]
[ECO "E80"]
[NIC "KI.54"]
[Time "20:38:09"]
[TimeControl "180+0"]

1. d4 Nf6 2. c4 g6 3. Nc3 Bg7 4. e4 d6 5. f3 b6 6. Be3 Nbd7 7. Bd3 c5 8.
Nge2 cxd4 9. Nxd4 O-O 10. O-O Ne5 11. b3 a6 12. Bc2 Bb7 13. Qd2 Re8 14. Rad1
Nc6 15. h3 Rc8 16. f4 Qc7 17. Nd5 Nxd5 18. exd5 Nb8 19. f5 Nd7 20. fxg6 hxg6
21. Bxg6 Ne5 22. Bb1 Qd7 23. Bh6 b5 24. Qg5 Ng6 25. Bxg6 fxg6 26. Ne6 Rf8
27. Qxg6 {Black resigns} 1-0

[Event "ICCopen2017"]
[Site "Internet Chess Club"]
[Date "2017.03.19"]
[Round "8"]
[White "AlirezaFirouzja"]
[Black "Bozhenka"]
[Result "1-0"]
[ICCResult "Black resigns"]
[WhiteElo "2650"]
[BlackElo "2852"]
[Opening "QGD: 4.Nf3"]
[ECO "D37"]
[NIC "QP.09"]
[Time "20:37:30"]
[TimeControl "180+0"]

1. Nf3 d5 2. d4 Nf6 3. c4 e6 4. Nc3 Nbd7 5. e3 b6 6. b3 Bb7 7. Bb2 Bd6 8.
Be2 O-O 9. O-O a6 10. Rc1 Qe7 11. Qd2 Ne4 12. Nxe4 dxe4 13. Ne5 Rad8 14.
Nxd7 Rxd7 15. Qc2 c5 16. dxc5 bxc5 17. Rcd1 Rfd8 18. Bc3 h5 19. Ba5 Re8 20.
Rd2 h4 21. h3 Bb8 22. Rfd1 Rxd2 23. Qxd2 Bc6 24. Bd8 Qa7 25. Bxh4 a5 26. Bd8
a4 27. Qa5 axb3 28. axb3 Qxa5 29. Bxa5 Be5 30. Rd8 Rxd8 31. Bxd8 Bd6 32. Kf1
f6 33. Ke1 Kf7 34. Ba5 g5 35. Kd2 f5 36. Kc3 Be5+ 37. Kc2 Bd6 38. Kb2 Bd7
39. Ka3 f4 40. Bg4 Bc6 41. b4 f3 42. g3 Ke7 43. bxc5 Bxc5+ 44. Bb4 Kd6 45.
Bxc5+ Kxc5 46. Bxe6 Bb7 47. Kb3 Bc6 48. Kc3 Bb7 49. h4 gxh4 50. gxh4 Kd6 51.
Bd5 {Black resigns} 1-0

[Event "ICCopen2017"]
[Site "Internet Chess Club"]
[Date "2017.03.19"]
[Round "8"]
[White "SWAT-TEAM"]
[Black "CadiZKilleR"]
[Result "1-0"]
[ICCResult "Black resigns"]
[WhiteElo "1866"]
[BlackElo "1571"]
[Opening "Queen's pawn: London system"]
[ECO "A45"]
[NIC "QP.07"]
[Time "20:38:51"]
[TimeControl "180+0"]

1. d4 Nf6 2. Bf4 c5 3. e3 g6 4. Nc3 b6 5. Nf3 Bb7 6. Bd3 Bg7 7. dxc5 bxc5 8.
e4 d6 9. Qd2 O-O 10. Bh6 a5 11. h4 a4 12. a3 Nbd7 13. h5 Ng4 14. Bxg7 Kxg7
15. hxg6 hxg6 16. O-O-O Rh8 17. Qf4 Nxf2 18. Ng5 Rxh1 19. Qxf7+ Kh6 20.
Rxh1+ Nxh1 21. Qf4 e5 22. Qh4+ Kg7 23. Ne6+ Kg8 24. Nxd8 {Black resigns} 1-0

[Event "ICCopen2017"]
[Site "Internet Chess Club"]
[Date "2017.03.19"]
[Round "8"]
[White "carpedef"]
[Black "doug50"]
[Result "1-0"]
[ICCResult "Black forfeits on time"]
[WhiteElo "1719"]
[BlackElo "1248"]
[Opening "Caro-Kann: classical, Spassky variation"]
[ECO "B18"]
[NIC "CK.12"]
[Time "20:38:06"]
[TimeControl "180+0"]

1. e4 c6 2. d4 d5 3. Nc3 dxe4 4. Nxe4 Bf5 5. Ng3 Bg6 6. Nf3 Nd7 7. h4 h6 8.
h5 Bh7 9. Bd3 Bxd3 10. Qxd3 Ngf6 11. Bd2 e6 12. O-O-O Bd6 13. Ne4 Nxe4 14.
Qxe4 Nf6 15. Qe2 Qc7 16. Kb1 O-O-O 17. g3 Rhf8 18. Ne5 Bxe5 19. dxe5 Nd5 20.
f4 Ne7 21. g4 Rd7 22. Bb4 Rxd1+ 23. Rxd1 Rd8 24. Bd6 Qd7 25. Qe3 Nd5 26.
Qxa7 Nc7 27. c4 Na6 28. b4 Nc7 29. Rd3 b5 30. cxb5 cxb5 31. Rc3
{Black forfeits on time}
1-0